 Dungeon Crawl Stone Soup version 0.28-a0-662-g1651b1f1e0 (webtiles) character file.

Game seed: 2127563057751308361

255 jasper the Cudgeller (level 5, -2/41 HPs)
             Began as a Demonspawn Cinder Acolyte on Oct 15, 2021.
             Was a Priest of Ignis.
             Succumbed to an orc wizard's poison
             ... on level 3 of the Dungeon.
             The game lasted 00:03:41 (3666 turns).

jasper the Cudgeller (Demonspawn Cinder Acolyte)    Turns: 3666, Time: 00:03:42

Health: -2/41      AC:  5    Str: 16    XL:     5   Next: 91%
Magic:  6/6        EV: 10    Int: 15    God:    Ignis [***...]
Gold:   102        SH:  0    Dex:  8    Spells: 6/6 levels left

rFire   + . .      SeeInvis .   i - +6 club
rCold   . . .      Faith    .   (no shield)
rNeg    . . .      Spirit   .   j - +0 ring mail
rPois   .          Reflect  .   (helmet restricted)
rElec   .          Harm     .   (no cloak)
rCorr   .          Rampage  .   (no gloves)
Will    .....                   (no boots)
Stlth   ..........              (no amulet)
HPRegen 0.13/turn               (no ring)
MPRegen 0.10/turn               (no ring)

@: confused, lethally poisoned (-2 -> -21)
A: horns 1, powered by pain 1
a: Renounce Religion, Sea of Fire, Foxfire Swarm, Rising Flame


You were on level 3 of the Dungeon.
You worshipped Ignis.
Ignis was most pleased with you.
You visited 1 branch of the dungeon, and saw 3 of its levels.

You collected 102 gold pieces.

Inventory:

Hand Weapons
 a - a -1 mace of flaming
 i - a +6 club (weapon)
Missiles
 f - 56 stones (quivered)
Armour
 b - a +0 robe
 e - a +0 helmet
 g - a +0 leather armour
 j - a +0 ring mail (worn)
Scrolls
 d - a scroll of summoning
Potions
 h - a potion of mutation
 l - a potion of flight
 m - a potion of berserk rage


   Skills:
 - Level 3.0 Fighting
 + Level 6.1 Maces & Flails
 - Level 1.0 Spellcasting
 - Level 2.6 Fire Magic


You had 6 spell levels left.
You didn't know any spells.
Your spell library contained the following spells:

 Spells                   Type           Power      Damage    Failure   Level
 Scorch                   Fire           16%        2d5       24%         2
 Corpse Rot               Necr/Air       N/A        N/A       56%         2
 Poisonous Vapours        Pois/Air       0%         N/A       56%         2


Dungeon Overview and Level Annotations

Branches:
Dungeon (3/15)

Altars:


Innate Abilities, Weirdness & Mutations

You have a pair of small horns on your head.
You sometimes gain a little power by taking damage.


Message History

Deactivating autopickup; reactivate with Ctrl-A.
You hit something but do no damage. Something hits you but does no damage.
You are poisoned.
You closely miss something.
You feel sick. Something hits you but does no damage.
You are more poisoned.
You take 2 damage, and have 31/41 hp.
You miss something. Your headbutt misses something.
You feel very sick. Something hits you but does no damage.
You are more poisoned.
You take 4 damage, and have 27/41 hp.
You hit something.
You feel very sick. Something hits you but does no damage.
You are lethally poisoned!
You take 4 damage, and have 23/41 hp.
You hit something.
You feel very sick. Something hits you but does no damage.
You are more poisoned.
You take 6 damage, and have 17/41 hp.
You hit something. You headbutt something.
You feel very sick. Something hits you but does no damage.
You are more poisoned.
You take 4 damage, and have 13/41 hp.
Okay, then.
You hit something but do no damage.
* * * LOW HITPOINT WARNING * * *
You feel very sick.
You hear some strange, mumbled words.
You are confused.
You take 6 damage, and have 7/41 hp.
Okay, then.
* * * LOW HITPOINT WARNING * * *
You feel very sick.
You take 5 damage, and have 2/41 hp.
You bump into the stone wall.
You die...

#....##....#.##
##....##....#.>#
.............#.#
#####..#.....#.# #
##.##.##....... #
############## #
####################
.#.#.#.#.#.#.#.#@#)#
#.#.#.#.#.#.#.#.#{#
.###.###.###.###)##
#.#.#.#.#.#.#.#.#.#
.#.# #.# #.# #.# #.#
#### ### ### ### ##


There were no monsters in sight!

Vanquished Creatures
  3 orc priests
  Jessica (D:2)
  2 orc wizards
  2 adders
  5 dart slugs
  4 orcs
  6 endoplasms
  2 giant cockroaches
  4 goblins
  2 hobgoblins
  8 jackals
  12 ball pythons
  4 bats
  3 frilled lizards (D:2)
  A kobold (D:1)
  4 rats
63 creatures vanquished.

Vanquished Creatures (others)
  50 foxfires (D:2)
  2 plants (D:1)
  4 toadstools (D:1)
56 creatures vanquished.

Grand Total: 119 creatures vanquished

Notes
Turn   | Place    | Note
-------+----------+-------------------------------------------
     0 | D:1      | jasper the Demonspawn Cinder Acolyte began the quest for
                  | the Orb.
     0 | D:1      | Reached XP level 1. HP: 18/18 MP: 2/2
   246 | D:1      | Reached skill level 3 in Maces & Flails
   797 | D:1      | Gained mutation: You sometimes gain a little power by
                  | taking damage. [demonic ancestry]
   797 | D:1      | Reached XP level 2. HP: 16/24 MP: 3/3
  1048 | D:1      | You fall into a shaft and drop 1 floor!
  1093 | D:2      | Reached XP level 3. HP: 10/29 MP: 4/4
  1530 | D:1      | Reached skill level 4 in Maces & Flails
  2487 | D:2      | Gained mutation: You have a pair of small horns on your
                  | head. [demonic ancestry]
  2487 | D:2      | Reached XP level 4. HP: 13/35 MP: 5/5
  2497 | D:2      | Reached skill level 5 in Maces & Flails
  2831 | D:2      | Noticed Jessica
  2841 | D:2      | Killed Jessica
  2842 | D:2      | Reached XP level 5. HP: 30/41 MP: 6/6
  3609 | D:3      | Reached skill level 6 in Maces & Flails
  3665 | D:3      | HP: 2/41 [poisoned by an orc wizard]
  3666 | D:3      | Succumbed to an orc wizard's poison

Illustrated notes

Levels and vault maps discovered:
D:1:      ldierk_walled_garden_2, layout_basic
D:2:      cheibrodos_pilgrimage, layout_basic, kennysheep_another_room,
          minmay_indecisive_spiral, uniq_jessica
D:3:      layout_rooms, roderic_roman_lattice, minmay_quadrilaterals

Skill      XL: |  1  2  3  4  5 |
---------------+----------------+-----
Maces & Flails | 3 4 5 6 |  6.1
Fighting       | |  3.0
Spellcasting   | |  1.0
Fire Magic     | |  2.6

Action                   |  1- 3 |  4- 6 || total
-------------------------+-------+-------++-------
Melee: Mace              |   149 |     3 ||   152
       Club              |       |    34 ||    34
       Headbutt          |       |     5 ||     5
Throw: Stone             |     9 |       ||     9
Invok: Foxfire Swarm     |     3 |     2 ||     5
  Use: Potion            |     3 |       ||     3
       Scroll            |       |     5 ||     5
Armor: Robe              |    45 |       ||    45
       Leather armour    |     6 |       ||     6
       Ring mail         |       |    18 ||    18
Dodge: Dodged            |   115 |     7 ||   122

Table legend: (Time is in decaauts)
 A = Elapsed time spent in this place.
 B = Non-inter-level travel time spent in this place.
 C = Inter-level travel time spent in this place.
 D = Time resting spent in this place.
 E = Time spent auto-exploring this place.
 F = Levels seen in this place.
 G = Mean time per level.
                   A        B        C        D        E       F      G
               +--------+--------+--------+--------+--------+-----+--------+
         Total |   3707 |   3644 |     63 |    853 |   2232 |   3 | 1235.7 |
       Dungeon |   3707 |   3644 |     63 |    853 |   2232 |   3 | 1235.7 |
               +--------+--------+--------+--------+--------+-----+--------+

Top non-repeatable levels by time:
     D:1: 1944 daAuts
     D:2: 1632 daAuts
     D:3: 131 daAuts
